 Dungeon Crawl Stone Soup version 0.32-a0-163-g159c032 (webtiles) character file.

Game seed: 18323618959437419340

69 Dorkslayer the Trooper (level 4, 0/41 HPs)
             Began as a Hill Orc Fighter on Feb 11, 2024.
             Slain by a gnoll
             ... wielding a +0 flail
              (8 damage)
             ... on level 3 of the Dungeon.
             The game lasted 00:03:18 (1569 turns).

Dorkslayer the Trooper (Hill Orc Fighter)           Turns: 1569, Time: 00:03:19

Health: 0/41       AC:  6    Str: 20    XL:     4   Next: 20%
Magic:  4/4        EV:  9    Int:  8    God:
Gold:   93         SH:  4    Dex: 10    Spells: 3/3 levels left

rFire   . . .        a - +0 war axe
rCold   . . .        c - +0 buckler
rNeg    . . .        b - +0 scale mail
rPois   .            (no helmet)
rElec   .            (no cloak)
rCorr   .            (no gloves)
SInv    .            (no boots)
Will    .....        (no amulet) Stlth
                     (no ring)
HPRegen 0.26/turn    (no ring)
MPRegen 0.09/turn

%: no passive effects
@: no status effects
A: no striking features
a: no special abilities


You were on level 3 of the Dungeon.
You visited 1 branch of the dungeon, and saw 3 of its levels.

You collected 126 gold pieces.
You spent 33 gold pieces at shops.

Inventory:

Hand Weapons
 a - a +0 war axe (weapon)
Armour
 b - a +0 scale mail (worn)
 c - a +0 buckler (worn)
Wands
 m - a wand of polymorph (7)
Scrolls
 e - 2 scrolls of identify {unknown}
 g - a scroll of amnesia {unknown}
 l - a scroll of noise {unknown}
Potions
 d - 2 potions of might
 f - a potion of haste {unknown}
 h - a potion of enlightenment {unknown}
 i - a potion of curing
 j - 2 potions of heal wounds {unknown}
 k - a potion of attraction {unknown}


   Skills:
 + Level 4.4 Fighting
 + Level 3.5 Axes
 + Level 3.6 Armour
 * Level 1.0 Dodging
 + Level 3.6 Shields
 * Level 0.5 Evocations


You had 3 spell levels left.
You didn't know any spells.
Your spell library contained the following spells:

 Spells                   Type           Power      Damage    Failure   Level
 Fugue of the Fallen      Necr           0%         N/A       99%         3
 Ozocubu's Armour         Ice            0%         N/A       99%         3
 Manifold Assault         Tloc           0%         N/A       100%        4


Dungeon Overview and Level Annotations

Branches:
Dungeon (3/15)

Altars:

Shops:
D:1 (   D:2 !


Message History

You kill the hobgoblin!
A gnoll comes into view.
It is wielding a +0 spear and quivering 2 throwing nets.
The gnoll shouts!
You hear a shout!
The gnoll throws a throwing net.
The throwing net hits you.
You become entangled in the net!
Things that are here:
a throwing net; a hobgoblin corpse You struggle against the net.
The gnoll hits you but does no damage.
You struggle against the net.
The gnoll hits you but does no damage.
You struggle against the net.
The gnoll hits you but does no damage.
You shred the net and break free! The gnoll hits you with a +0 club!
The gnoll barely misses you.
A gnoll comes into view. It is wielding a +0 flail.
The gnoll shouts!
You hit the gnoll.
The gnoll is heavily wounded.
The gnoll hits you from afar with a +0 spear.
A gnoll comes into view. It is wielding a +0 flail.
The gnoll hits you but does no damage.
The gnoll hits you from afar with a +0 spear.
You slash the gnoll!
You kill the gnoll!
The gnoll hits you from afar with a +0 spear.
You block the gnoll's attack. The gnoll hits you with a +0 flail.
The gnoll misses you. You block the gnoll's attack.
You barely miss the gnoll. x2; You hit the gnoll.
The gnoll hits you with a +0 flail. The gnoll closely misses you.
The gnoll hits you with a +0 flail. The gnoll barely misses you.
The gnoll hits you with a +0 spear!
* * * LOW HITPOINT WARNING * * *
The gnoll hits you with a +0 flail.
* * * LOW HITPOINT WARNING * * *
You hit the gnoll.
The gnoll is heavily wounded.
You closely miss the gnoll. You barely miss the gnoll.
The gnoll barely misses you. The gnoll hits you with a +0 spear.
* * * LOW HITPOINT WARNING * * *
The gnoll hits you with a +0 flail!
You die...

#.# #.# #.# #.# #.#
#.# #.# #.# #.# #.#
#.# # #.# #.#####.#
#.#######.)gg...###.
#.........†.@g......
#########.#########.
###


You could see 3 gnolls.

Vanquished Creatures
  A gnoll (D:3)
  2 adders
  2 dart slugs
  3 ball pythons
  4 endoplasms
  A giant cockroach (D:2)
  3 goblins
  4 hobgoblins
  2 quokkas
  3 bats
  5 frilled lizards
  5 kobolds
  3 rats
38 creatures vanquished.

Notes
Turn   | Place    | Note
-------+----------+-------------------------------------------
     0 | D:1      | Dorkslayer the Hill Orc Fighter began the quest for the
                  | Orb.
     0 | D:1      | Reached XP level 1. HP: 19/19 MP: 1/1
    46 | D:1      | Found Emucin Wepn's Weapon Boutique.
   106 | D:1      | Reached XP level 2. HP: 27/27 MP: 2/2
   668 | D:1      | Found a faded altar of an unknown god.
   717 | D:2      | Reached skill level 4 in Fighting
   717 | D:2      | Reached XP level 3. HP: 31/33 MP: 3/3
   921 | D:2      | Found Lelaosaus's Distillery.
   938 | D:2      | Bought a potion of curing for 33 gold pieces
  1431 | D:3      | Reached skill level 1 in Dodging
  1542 | D:3      | Reached XP level 4. HP: 41/41 MP: 4/4
  1569 | D:3      | Slain by a gnoll

Illustrated notes

Levels and vault maps discovered:
D:1:      spicycebolla_arrival_xxxplode, layout_basic,
          shapermc_ecumenical_altar_hornbeckon, serial_shops, shop,
          minivault_25, dk_noncrumbling_4, bh_walls_and_bars
D:2:      layout_basic, serial_shops, nicolae_shop_rolling_square
D:3:      layout_basic

Skill      XL: |  1  2  3 |
---------------+----------+-----
Fighting       | 4 |  4.4
Axes           | 3 |  3.5
Dodging        | 1 |  1.0
Armour         | |  3.6
Shields        | |  3.6
Evocations     | |  0.5

Action                     |  1- 3 |  4- 6 || total
---------------------------+-------+-------++-------
  Melee: War axe           |   105 |     6 ||   111
 Armour: Scale mail        |    61 |    16 ||    77
  Dodge: Dodged            |    52 |     6 ||    58
  Block: Buckler           |    34 |     2 ||    36

Table legend: (Time is in decaauts)
 A = Elapsed time spent in this place.
 B = Non-inter-level travel time spent in this place.
 C = Inter-level travel time spent in this place.
 D = Time resting spent in this place.
 E = Time spent auto-exploring this place.
 F = Levels seen in this place.
 G = Mean time per level.
                   A        B        C        D        E       F      G
               +--------+--------+--------+--------+--------+-----+--------+
         Total |   1618 |   1618 |      0 |      0 |   1047 |   3 |  539.3 |
       Dungeon |   1618 |   1618 |      0 |      0 |   1047 |   3 |  539.3 |
               +--------+--------+--------+--------+--------+-----+--------+

Top non-repeatable levels by time:
     D:1: 725 daAuts
     D:2: 623 daAuts
     D:3: 269 daAuts
